[Event "*** Biggest EVER Titled Tuesday"]
[Site "Chess.com"]
[Date "2018.04.17"]
[Round "3"]
[White "cheese111"]
[Black "MITerryble"]
[Result "0-1"]
[WhiteElo "2419"]
[BlackElo "2643"]
[TimeControl "180+2"]
[EndTime "13:36:32 PDT"]
[Termination "MITerryble won by resignation"]

1. e4 e6 2. d4 d5 3. exd5 exd5 4. Nf3 c6 5. c4 Bb4+ 6. Nc3 Nf6 7. Bd3 O-O 8. O-O Bg4 9. Be3 dxc4 10. Bxc4 Nbd7 11. h3 Bh5 12. g4 Bg6 13. Ne5 Nb6 14.
Bb3 Nfd5 15. Bd2 Qh4 16. Qf3 Bd6 17. Rae1 Rad8 18. a4 Nxc3 19. bxc3 Nd5 20. a5 a6 21.
Kg2 Bc7 22. c4 Nf6 23. d5 c5 24. Bf4 Nd7 25. Nc6 Bxf4 26. Nxd8 Bb8 27. Nxb7 f5 28.
d6 h5 29. Qg3 Qf6 30. g5 Qb2 31. Rb1 Qd4 32. Rfd1 Qe4+ 33. Qf3 f4 34. Re1 Qf5 35. Qd5+ Qxd5+ 36. cxd5 f3+ 37. Kg1 Bxb1 38. Rxb1 Rf4 39.
Bc2 Ba7 40. Re1 c4 41. Re7 Nf8 42. d7 Nxd7 43. Rxd7 Rd4 44. Bg6 Kf8 45. Rf7+ Kg8 46. Re7 Rf4 47. Re8+ Rf8 48. Bh7+ Kf7 49. g6+ Kxe8 0-1

[Event "*** Biggest EVER Titled Tuesday"]
[Site "Chess.com"]
[Date "2018.04.17"]
[Round "3"]
[White "ABDELAZEEZ-M"]
[Black "BlackBoarder"]
[Result "1-0"]
[WhiteElo "2286"]
[BlackElo "2236"]
[TimeControl "180+2"]
[EndTime "13:36:34 PDT"]
[Termination "ABDELAZEEZ-M won by resignation"]

1. d4 e6 2. Nf3 f5 3. c4 Nf6 4. g3 Be7 5. Bg2 O-O 6. O-O Ne4 7.
Qc2 Bf6 8. Nc3 d5 9. cxd5 exd5 10. Bf4 c6 11. Nxe4 dxe4 12. Ne5 Be6 13. Rfd1 Bd5 14.
Nc4 Bxc4 15. Qxc4+ Qd5 16. Rac1 Qxc4 17. Rxc4 Rd8 18. b4 Nd7 19. Bh3 g6 20. Be3 Nb6 21. Rcc1 Nd5 22. a3 a6 23. Rc4 Rd6 24.
Bf4 Rd7 25. Be5 Bxe5 26. dxe5 Kf7 27. g4 Ke6 28. gxf5+ gxf5 29. Rxe4 Rg8+ 30. Kh1 Rg5 31. Red4 Kxe5 32. f4+ Nxf4 33. Rxd7 Nxh3 34. Rf1 Ke4 35.
Rxh7 Nf4 36. Rh4 Rg4 37. Rxg4 fxg4 38. Rd1 Nxe2 39. Rd7 b5 40. Rd6 Nd4 41. Kg2 Nc2 42. Rxc6 Nxa3 43. Rxa6 Nc2 44. Rg6 Kf5 45. Rb6 Nd4 46. Kf2 Kf4 47. Rd6 Ke4 48. Rd8 Kd3 49. Kg3 Kc4 50. Kxg4 Ne6 51. Re8 Nd4 52. Re4 Kd3 53.
Rxd4+ Kxd4 54. h4 Ke5 55. Kf3 Kf5 56. Ke3 Kg4 57. Kd4 1-0

[Event "*** Biggest EVER Titled Tuesday"]
[Site "Chess.com"]
[Date "2018.04.17"]
[Round "3"]
[White "KenanGarayev"]
[Black "GeorgMeier"]
[Result "1-0"]
[WhiteElo "2549"]
[BlackElo "2782"]
[TimeControl "180+2"]
[EndTime "13:36:37 PDT"]
[Termination "KenanGarayev won by resignation"]

1. Nf3 d5 2. g3 Bg4 3. Bg2 e6 4. O-O Nf6 5. b3 c5 6. Bb2 Nc6 7. h3 Bxf3 8. Bxf3 Bd6 9. c4 d4 10. Bxc6+ bxc6 11. d3 e5 12. Nd2 Qd7 13. Kg2 a5 14. e4 g6 15. f4 Nh5 16. Qf3 a4 17.
f5 O-O 18. Bc1 Rfb8 19. bxa4 Rxa4 20. Qd1 Qa7 21. a3 Ra6 22. Nf3 Qc7 23. Ra2 Rb1 24. Raf2 f6 25. fxg6 hxg6 26. Nh4 Qg7 27. Qg4 Kh7 28. Nf5 Qd7 29. Nxd6 Qxd6 30. Rf5 Ra7 31.
Rxh5+ gxh5 32. Qxh5+ Kg8 33. Qe8+ Qf8 34. Qxf8+ Kxf8 35.
Bh6+ Kf7 36. Rxb1 Rxa3 37. Rd1 Kg6 38. Bf8 f5 39. exf5+ Kxf5 40. Bxc5 Rb3 41. h4 Kg4 42.
Rd2 e4 43. Bxd4 exd3 44. Rf2 Rb4 45. Rf4+ Kh5 46. g4+ Kg6 47. h5+ Kg5 48. Be3 Kh4 49.
Kf3 c5 50. h6 Rb7 51. Rf5 Rf7 52. Rxf7 d2 53. Bg5+ Kh3 54. Bxd2 1-0

[Event "*** Biggest EVER Titled Tuesday"]
[Site "Chess.com"]
[Date "2018.04.17"]
[Round "3"]
[White "mjray79"]
[Black "joshuacao"]
[Result "0-1"]
[WhiteElo "1930"]
[BlackElo "2012"]
[TimeControl "180+2"]
[EndTime "13:36:40 PDT"]
[Termination "joshuacao won by resignation"]

1. d4 Nf6 2. c4 g6 3. Nc3 d5 4. cxd5 Nxd5 5. e4 Nxc3 6. bxc3 Bg7 7. Be3 c5 8. Nf3 Qa5 9. Qd2 O-O 10. Rc1 cxd4 11.
cxd4 Qxd2+ 12. Nxd2 Rd8 13. d5 e6 14. Bc4 exd5 15.
Bxd5 Nc6 16. Bxc6 bxc6 17. Rxc6 Bb7 18. Rc7 Ba6 19. Rc6 Bb7 20. Rc7 Ba6 21. f3 Rdc8 22.
Rxc8+ Rxc8 23. Kf2 Rc2 24. Rb1 Bc3 25. Bh6 Bxd2 26.
Rb8+ Bc8 27. Bxd2 Rxd2+ 28. Ke3 Rc2 29. Kd3 Rc7 30. Kd4 Kg7 31. Rb2 Be6 32. f4 Rc4+ 33. Ke5 Rc5+ 34. Kd4 Ra5 35. Rb7 Rxa2 36. g3 a5 37. Ra7 a4 38. Kc3 Bb3 39. Kb4 Rxh2 40. Ka3 Ra2+ 41. Kb4 Rg2 42. f5 Rxg3 43. fxg6 hxg6 44.
e5 Re3 45. Ra5 g5 46. e6 Rxe6 47. Rxg5+ Kf6 48. Rg3 Kf5 49. Rf3+ Kg6 50. Rg3+ Kf6 51. Rf3+ Ke7 52. Ka3 Re5 53. Kb4 f5 54. Kc3 Kf6 55. Kd4 Re4+ 56. Kd3 Ke5 57. Kc3 f4 58. Kb2 Re3 59. Rf2 Ke4 60. Ka3 f3 61. Kb4 Re2 62. Rf1 Ke3 0-1

[Event "*** Biggest EVER Titled Tuesday"]
[Site "Chess.com"]
[Date "2018.04.17"]
[Round "3"]
[White "David_Paravyan"]
[Black "Blitzstream"]
[Result "0-1"]
[WhiteElo "2668"]
[BlackElo "2448"]
[TimeControl "180+2"]
[EndTime "13:36:43 PDT"]
[Termination "Blitzstream won by resignation"]

1. e4 d5 2. exd5 Qxd5 3. Nc3 Qa5 4. d4 Nf6 5. Nf3 c6 6. h3 Bf5 7. g4 Bg6 8. Ne5 Nbd7 9. f4 Nxe5 10. dxe5 Ne4 11.
Bd2 Nxd2 12. Qxd2 Rd8 13. Qe2 e6 14. Bg2 Bc5 15. Kf1 Qb4 16. Ne4 Bxe4 17. Qxe4 Rd4 18. Qe2 Rd2 19. Qf3 Rf2+ 20. Qxf2 Bxf2 21. Kxf2 Qxf4+ 22. Bf3 Qxe5 23. c3 Ke7 24. Rhe1 Qh2+ 25. Bg2 Rd8 26.
Re2 Qf4+ 27. Kg1 Rd2 28. Rf1 Qd6 29. Rxd2 Qxd2 30. Rf2 Qe3 31. Bf1 g6 32. Kg2 Qe4+ 33. Kg1 f5 34. Bg2 Qb1+ 35. Kh2 Qxa2 36. Kg3 a5 37. h4 Qc4 38. Bf3 e5 39. Be2 Qe6 40. h5 f4+ 41. Kg2 g5 42. Bf3 e4 43. Bd1 f3+ 44.
Kg3 Qe5+ 45. Kh3 e3 46. Rxf3 e2 47. Bxe2 Qxe2 48. Rg3 Qxb2 49. c4 a4 50. c5 a3 51.
h6 a2 52. Re3+ Kf7 53. Rf3+ Qf6 54. Rf2 a1=Q 55. Rb2 Qh1+ 0-1

[Event "*** Biggest EVER Titled Tuesday"]
[Site "Chess.com"]
[Date "2018.04.17"]
[Round "3"]
[White "Manukyan_Artak"]
[Black "nubair1198"]
[Result "1-0"]
[WhiteElo "2357"]
[BlackElo "2526"]
[TimeControl "180+2"]
[EndTime "13:36:43 PDT"]
[Termination "Manukyan_Artak won on time"]

1. e4 c6 2. d4 d5 3. e5 c5 4. dxc5 e6 5. Be3 Nd7 6. Bb5 Ne7 7. Nf3 Nf5 8. b4 a5 9. c3 Nxe3 10. fxe3 Be7 11. O-O O-O 12. Nbd2 Qc7 13. Bxd7 Bxd7 14. Nb3 b6 15. cxb6 Qxb6 16. Qd4 Qxd4 17. exd4 axb4 18.
cxb4 Bxb4 19. Nc5 Bb5 20. Rfc1 Bc4 21. a4 Bxc5 22. dxc5 Rfc8 23. Nd2 Rxc5 24. Nxc4 dxc4 25. Kf2 g5 26. Kf3 Kg7 27. Ke4 Kg6 28. Kd4 Rac8 29. a5 Rd5+ 30. Ke4 Rcc5 31. a6 Rxe5+ 32. Kd4 Red5+ 33.
Kc3 Rd8 34. Kb4 Rcc8 35. a7 Ra8 36. Kb5 Rd2 37. Rxc4 Rxg2 38. h4 f5 39. hxg5 Kxg5 40. Rb4 Rd2 41. Kc6 Rdd8 42. Kb7 e5 43. Ra5 Kf6 44.
Rb6+ Kg5 45. Rxe5 h5 46. Rbb5 Rf8 47. Rxf5+ Kg6 48. Rxf8 Rxf8 49. Rc5 1-0

[Event "*** Biggest EVER Titled Tuesday"]
[Site "Chess.com"]
[Date "2018.04.17"]
[Round "3"]
[White "MrRooke6"]
[Black "AvitalBor"]
[Result "0-1"]
[WhiteElo "2402"]
[BlackElo "2586"]
[TimeControl "180+2"]
[EndTime "13:36:49 PDT"]
[Termination "AvitalBor won by resignation"]

1. e4 e5 2. Nf3 Nc6 3. Bb5 Nf6 4. d3 Bc5 5. O-O Nd4 6. Nxd4 Bxd4 7. c3 Bb6 8. Nd2 O-O 9. Nf3 c6 10. Ba4 d5 11. Qe2 Bg4 12. h3 Bh5 13. Bg5 h6 14. Bh4 Re8 15. Rad1 Qd6 16. g4 Nxg4 17. hxg4 Bxg4 18.
Kg2 Qg6 19. Bg3 f5 20. exf5 Qxf5 21. Rde1 Rf8 22. Bd1 Rae8 23. Rh1 e4 24. dxe4 Rxe4 25.
Qd3 Qe6 26. Qd2 Qf6 27. Rxe4 dxe4 28. Nd4 Bd7 29. Bb3+ Kh8 30. Qe2 c5 31. Nc2 Qg6 32. Ne3 Rf3 33. Qc4 Rf8 34. Rd1 Bg4 35. Rd6 Bf3+ 36.
Kf1 Qh5 37. Ke1 Bc7 38. Rd5 Qh1+ 39. Nf1 Bxg3 40. fxg3 Bg4 41. Rd2 e3 42. Rh2 Qg1 43. Qd3 e2 44. Rxe2 Qxf1+ 45. Kd2 Bxe2 46. Qxe2 Rf2 0-1

[Event "*** Biggest EVER Titled Tuesday"]
[Site "Chess.com"]
[Date "2018.04.17"]
[Round "3"]
[White "KNVB"]
[Black "dreamist"]
[Result "1-0"]
[WhiteElo "2588"]
[BlackElo "2510"]
[TimeControl "180+2"]
[EndTime "13:36:49 PDT"]
[Termination "KNVB won by resignation"]

1. d4 Nf6 2. Bf4 g6 3. Nc3 d5 4. e3 Bg7 5. h4 h6 6. Nf3 O-O 7. Ne5 c5 8. Be2 Nc6 9. Qd2 Nxe5 10. Bxe5 Be6 11. dxc5 Rc8 12. Qd4 Qa5 13. b4 Qa3 14.
Rb1 a5 15. Nb5 Qa4 16. O-O axb4 17. Rxb4 Qa5 18. Ra4 Qd8 19. Bd3 Bd7 20. Rb4 Ra8 21. a4 Bc6 22. Nc3 e6 23. Rfb1 Ne8 24. Bxg7 Nxg7 25. Nb5 Qe7 26. Nd6 e5 27. Qg4 h5 28.
Qg3 Ra5 29. Bb5 Bxb5 30. Rxb5 Rxa4 31. Rxb7 Qe6 32. f3 Nf5 33. Nxf5 Qxf5 34. c6 Rc4 35. c7 Rxc2 36. R1b6 Rc8 37. Rb5 Rc1+ 38. Kh2 Qe6 39. R7b6 Qf5 40. Rxd5 R1xc7 41. Rxe5 Qd3 42. e4 Kh7 43. Rd5 Qc3 44. Rbb5 Rc6 45. Rb7 Qg7 46.
Qf4 Rf6 47. Qg5 Rf8 48. Rdd7 Kg8 49. Qe5 Re6 50. Qxe6 1-0

[Event "*** Biggest EVER Titled Tuesday"]
[Site "Chess.com"]
[Date "2018.04.17"]
[Round "3"]
[White "GMVallejo"]
[Black "LawrenceTrent"]
[Result "1-0"]
[WhiteElo "2775"]
[BlackElo "2512"]
[TimeControl "180+2"]
[EndTime "13:36:50 PDT"]
[Termination "GMVallejo won by resignation"]

1. d4 d5 2. c4 e5 3. dxe5 d4 4. Nf3 Nc6 5. g3 Nge7 6. Bg2 Ng6 7. Nbd2 Ngxe5 8. O-O Be7 9. Nxe5 Nxe5 10. Nf3 Nxf3+ 11.
Bxf3 O-O 12. Qb3 a5 13. Rd1 Bf6 14. Bf4 a4 15. Qb4 Re8 16. c5 g5 17. Be3 g4 18.
Bg2 c6 19. Bxd4 Rxe2 20. Qc4 Re8 21. Bc3 Qe7 22. Re1 Be6 23. Qb4 Bxc3 24. bxc3 h5 25.
h3 gxh3 26. Bxh3 Qf6 27. Bxe6 Rxe6 28. Rxe6 Qxe6 29. Qxb7 Rd8 30. Qb4 Rd2 31. Qxa4 Qd5 32. Qf4 Rxa2 33. Rxa2 Qxa2 34. Qg5+ Kf8 35. Qd8+ Kg7 36. Qg5+ Kf8 37. Qh6+ Ke7 38. Qd6+ Ke8 39.
Qxc6+ Kf8 40. Qd6+ Kg7 41. Qe5+ Kg6 42. c6 Qc4 43.
Qd6+ f6 44. c7 Qxc3 45. Qd8 Qe1+ 46. Kg2 Qe4+ 47. Kh2 Qf3 48. Qd4 Qc6 49. Qd3+ Kg7 50. Qd8 Qf3 51. Qd7+ Kg6 52. Qe8+ Kh6 53. Qe3+ 1-0

[Event "*** Biggest EVER Titled Tuesday"]
[Site "Chess.com"]
[Date "2018.04.17"]
[Round "3"]
[White "gmjlh"]
[Black "Konavets"]
[Result "1/2-1/2"]
[WhiteElo "2569"]
[BlackElo "2801"]
[TimeControl "180+2"]
[EndTime "13:36:53 PDT"]
[Termination "Game drawn by repetition"]

1. e4 e6 2. d4 d5 3. Nd2 Nf6 4.
e5 Nfd7 5. Bd3 c5 6. c3 Nc6 7. Ne2 cxd4 8. cxd4 f6 9. exf6 Nxf6 10. O-O Bd6 11.
Nf3 O-O 12. Bf4 Bxf4 13. Nxf4 Ne4 14. Qc1 Ng5 15. Nxg5 Qxg5 16. Ne2 Qf6 17. Qe3 Bd7 18. a3 Rae8 19. f4 Re7 20. Rae1 Be8 21. Bb5 Bh5 22. Bxc6 Bxe2 23. Rxe2 bxc6 24. Qc3 Ref7 25. Ref2 Kh8 26. g3 Rc7 27. b4 h5 28. Re1 h4 29.
Re5 Kg8 30. Qe3 Re7 31. Re2 hxg3 32. hxg3 Qg6 33. Rxe6 Rxe6 34. Qxe6+ Qxe6 35. Rxe6 Rc8 36. Rd6 Rc7 37. Kf2 Kf7 38. Kf3 Ke7 39. Rg6 Kf7 40.
f5 a5 41. bxa5 c5 42. dxc5 Rxc5 43. a6 Rc4 44. Rd6 Ra4 45. g4 d4 46. g5 Rxa3+ 47. Ke4 d3 48. Rd7+ Ke8 49. Rxd3 Rxa6 50. g6 Ke7 51. Ke5 Ra5+ 52. Rd5 Ra1 53. Rb5 Re1+ 54. Kf4 Rf1+ 55. Kg5 Rg1+ 56. Kf4 Rf1+ 57. Ke4 Re1+ 58.
Kf3 Kf6 59. Rb7 Rf1+ 60. Kg4 Rg1+ 61. Kf4 Rf1+ 62. Kg4 Rg1+ 63. Kf4 Rf1+ 64. Kg4 1/2-1/2

[Event "*** Biggest EVER Titled Tuesday"]
[Site "Chess.com"]
[Date "2018.04.17"]
[Round "3"]
[White "Firouzja2003"]
[Black "daro94"]
[Result "0-1"]
[WhiteElo "2724"]
[BlackElo "2721"]
[TimeControl "180+2"]
[EndTime "13:37:00 PDT"]
[Termination "daro94 won by resignation"]

1. e4 c5 2. Nf3 d6 3. d4 cxd4 4.
Nxd4 Nf6 5. Nc3 a6 6. h3 e5 7. Nb3 Be6 8. f4 g6 9. Be2 Nbd7 10. O-O Rc8 11. Be3 exf4 12. Bxf4 Be7 13. Kh1 Ne5 14.
Nd4 O-O 15. Bh6 Re8 16. Nxe6 fxe6 17. Qd2 Qb6 18. Rab1 Qc6 19. Qe3 b5 20. a3 Nfd7 21.
Rbd1 Bf8 22. Bxf8 Rxf8 23. Qd4 Rxf1+ 24. Bxf1 Nf7 25. Be2 Nde5 26. Qf2 Rf8 27. Qf6 Qe8 28. Qf2 Qc6 29. Qa7 Nd7 30. Bg4 Re8 31. Nd5 exd5 32. Bxd7 Qxc2 33. Rf1 Re7 34. exd5 Qe2 35. Rg1 Kg7 36.
Qd4+ Qe5 37. Qxe5+ Nxe5 38. Be6 Rc7 39. Rf1 Rc2 40. b4 Rc3 41. Kh2 h5 42. Ra1 h4 43.
a4 Rb3 44. axb5 axb5 45. Ra6 Nc4 46. Bd7 Rxb4 47. Ra7 Kf6 48. Be6 Rb2 49. Rf7+ Ke5 50. Rh7 Nd2 51. Kg1 g5 52. Rf7 Ne4 53. Bg4 Rb1+ 0-1

[Event "*** Biggest EVER Titled Tuesday"]
[Site "Chess.com"]
[Date "2018.04.17"]
[Round "3"]
[White "Bigfish1995"]
[Black "jlucasvf"]
[Result "1-0"]
[WhiteElo "2775"]
[BlackElo "2090"]
[TimeControl "180+2"]
[EndTime "13:37:00 PDT"]
[Termination "Bigfish1995 won by checkmate"]

1. e4 e5 2. Nf3 Nc6 3. Bc4 Bc5 4. c3 Nf6 5. d3 O-O 6. O-O d6 7. h3 Ne7 8. d4 Bb6 9. Re1 Ng6 10. Bd3 c6 11.
Be3 Nh5 12. Nbd2 Nhf4 13. Bf1 exd4 14. cxd4 d5 15. g3 dxe4 16. Nxe4 Nd5 17. Nc5 Nxe3 18. Rxe3 Re8 19. Qb3 Rxe3 20. Qxe3 Bxc5 21. dxc5 Be6 22. Bg2 Qf6 23. Nd4 Bd7 24. Qc3 Rd8 25. Rd1 Be6 26.
b3 Ne5 27. f4 Ng6 28. Kh2 Ne7 29. Qa5 Nc8 30. Rd2 Rxd4 31. Re2 Qd8 32. Qc3 Ne7 33. h4 Bg4 34. Rxe7 Qxe7 35. Qxd4 Kf8 36. Be4 f5 37. Bd3 Bf3 38. Bc4 h6 39. b4 Be4 40.
Kg1 Bf3 41. Kf2 Be4 42. a4 a6 43. Bb3 Ke8 44. h5 Qd7 45. Ke3 Qe7 46. Qe5 Bg2 47. Be6 Be4 48. Kd4 Qd8+ 49. Kc3 Qd3+ 50. Kb2 Qc2+ 51.
Ka3 Qc1+ 52. Qb2 Qe3+ 53. Qb3 Qc1+ 54. Qb2 Qe1 55. Qe5 Qxg3+ 56. Bb3+ Kf8 57. Qb8+ Ke7 58. Qxb7+ Kf6 59. Qf7# 1-0

[Event "*** Biggest EVER Titled Tuesday"]
[Site "Chess.com"]
[Date "2018.04.17"]
[Round "3"]
[White "TheCount"]
[Black "Iball95"]
[Result "1-0"]
[WhiteElo "2545"]
[BlackElo "2523"]
[TimeControl "180+2"]
[EndTime "13:37:02 PDT"]
[Termination "TheCount won by resignation"]

1. d4 Nf6 2. c4 e6 3. Nc3 Bb4 4. f3 c5 5. d5 O-O 6. e4 b5 7. e5 Nh5 8. g3 Bb7 9. f4 g6 10. Nf3 d6 11. dxe6 dxe5 12. exf7+ Kxf7 13. Nxe5+ Kg7 14. Qxd8 Rxd8 15. Rg1 bxc4 16. Bxc4 Nc6 17.
Be3 Nf6 18. a3 Nxe5 19. fxe5 Ng4 20. Bf4 Ba5 21. Rd1 Rxd1+ 22. Kxd1 g5 23. h3 gxf4 24.
gxf4 Bf3+ 25. Kc2 Rf8 26. Be2 Rxf4 27. Bxf3 Rxf3 28. Rxg4+ Kf7 29. Rh4 Bxc3 30. bxc3 Ke6 31. Rxh7 Kxe5 32. h4 c4 33. a4 Rf2+ 34. Kd1 Rh2 35.
Rxa7 Rxh4 36. Rd7 Rh2 37. Rd4 Ra2 38. Rxc4 Kd5 39. Rd4+ Kc5 40. Kc1 Rh2 41. Kb1 Rg2 42.
Rb4 Rf2 43. a5 Rh2 44. a6 Rh6 45. Ra4 Rh8 46. a7 Ra8 47. Kb2 Kb5 48. Kb3 Kc5 49. c4 Kb6 50. Kb4 Kc6 51. c5 Kb7 52. Kb5 Kc7 53. c6 Kc8 54. Kb6 Kd8 55. Re4 Rc8 56.
Rg4 Ke7 57. Rg7+ Kd6 58. Rd7+ Ke6 59. Kb7 Ra8 60. Kxa8 1-0

[Event "*** Biggest EVER Titled Tuesday"]
[Site "Chess.com"]
[Date "2018.04.17"]
[Round "3"]
[White "NMJeevanK"]
[Black "BergenChessAcademy"]
[Result "0-1"]
[WhiteElo "2268"]
[BlackElo "2208"]
[TimeControl "180+2"]
[EndTime "13:37:03 PDT"]
[Termination "BergenChessAcademy won by checkmate"]

1. e4 c6 2. d4 d5 3. Nc3 dxe4 4. Nxe4 Nd7 5. Nf3 Ngf6 6. Ng3 g6 7. c3 Bg7 8. Bd3 O-O 9. Bg5 b6 10. O-O Bb7 11. Re1 Re8 12. Qd2 c5 13. Ne5 cxd4 14. cxd4 Nf8 15. Bb5 Qd5 16. Bf1 Ne6 17. f4 Qxd4+ 18.
Qxd4 Nxd4 19. Bc4 e6 20. Rad1 Rad8 21. Rd3 Nc6 22. Rxd8 Rxd8 23. Ne4 Nxe4 24. Nxc6 Bd4+ 25. Kf1 Bxc6 26. Bxd8 Nd2+ 27. Ke2 Nxc4 28. Rd1 Bxb2 29. Bg5 Bd5 30. g3 f6 31. Bh6 Kf7 32. a4 a6 33.
Rb1 b5 34. axb5 axb5 35. g4 b4 36. f5 gxf5 37. gxf5 exf5 38. Rd1 Ke6 39. Kd3 Be5 40. Rg1 b3 41. Rg7 b2 42. Rg1 b1=Q+ 43. Rxb1 Be4+ 44. Kxc4 Bxb1 45. h3 f4 46. h4 Bg6 47. Kb3 Kf5 48. Kc2 Kg4+ 49. Kd2 Kxh4 50. Ke2 Kg4 51. Kf2 Kh5 52. Bf8 Kg4 53. Kg2 h5 54. Bc5 h4 55.
Kh2 Be8 56. Bf2 f3+ 57. Kh1 Bg3 58. Bg1 Bc6 59. Bf2 Bxf2 60. Kh2 Bg3+ 61. Kg1 f2+ 62. Kf1 Bb5+ 63. Kg2 f1=Q# 0-1

[Event "*** Biggest EVER Titled Tuesday"]
[Site "Chess.com"]
[Date "2018.04.17"]
[Round "3"]
[White "PchelkinVK"]
[Black "Sam_ChessMood"]
[Result "1/2-1/2"]
[WhiteElo "2427"]
[BlackElo "2624"]
[TimeControl "180+2"]
[EndTime "13:37:10 PDT"]
[Termination "Game drawn by agreement"]

1. d4 Nf6 2. Nc3 d5 3. Bf4 c5 4.
e4 dxe4 5. dxc5 Bd7 6. Nd5 Nxd5 7. Qxd5 Nc6 8. c3 e5 9. Bxe5 Qg5 10. f4 exf3 11.
Nxf3 Qe3+ 12. Be2 Be6 13. Qd3 Bxc5 14. Qxe3 Bxe3 15. Bb5 O-O 16. Bxc6 bxc6 17. Bd4 Bf4 18. Kf2 a5 19. Rhe1 Rfb8 20. b3 Bc7 21. c4 a4 22. Ne5 Ra6 23. Nd3 axb3 24. axb3 Rxa1 25. Rxa1 Rd8 26. Be5 Rxd3 27. Bxc7 h5 28. Rb1 Rd2+ 29. Kf3 Bg4+ 30. Kg3 Bf5 31. Re1 Rd3+ 32. Kf4 Be6 33. Re3 Rd2 34. Kg3 g5 35. h3 Kg7 36. Be5+ Kg6 37.
Bc3 h4+ 38. Kh2 Rc2 39. Rf3 Bf5 40. Bd4 Be4 41. Rf6+ Kh5 42. Rf2 Rxf2 43. Bxf2 f5 44. b4 Bd3 45. b5 cxb5 46. cxb5 Bxb5 47. Be3 Bc6 48. Kg1 Kg6 49. Kf2 f4 50. Bd4 Kf5 51.
Bb6 Bd5 52. Bd8 Be4 53. Be7 Bd5 54. Bd8 Bf7 55. Be7 Bh5 56. Bd8 Bf7 57. Be7 Bd5 58.
Bd8 g4 59. Bxh4 g3+ 60. Bxg3 fxg3+ 61. Kxg3 1/2-1/2

[Event "*** Biggest EVER Titled Tuesday"]
[Site "Chess.com"]
[Date "2018.04.17"]
[Round "3"]
[White "Saitama_Hero"]
[Black "FLchessplayer"]
[Result "1-0"]
[WhiteElo "2143"]
[BlackElo "1976"]
[TimeControl "180+2"]
[EndTime "13:37:10 PDT"]
[Termination "Saitama_Hero won by checkmate"]

1. d4 Nf6 2. Bg5 Ne4 3. Bf4 d6 4. Nf3 c6 5. e3 Qb6 6. b3 a5 7. Bd3 Nf6 8. a3 g6 9. O-O Bg7 10. c4 O-O 11. Nbd2 h6 12. h3 Re8 13. Qc2 Nbd7 14.
Bh2 e5 15. c5 dxc5 16. Nc4 Qa7 17. dxe5 Nd5 18. Rad1 b5 19. Nd6 Re6 20. a4 Nb4 21. Qd2 Nxd3 22. Qxd3 Nxe5 23. Nxe5 Bxe5 24. Bxe5 Rxe5 25.
axb5 cxb5 26. Nxb5 Qb6 27. Qd8+ Qxd8 28. Rxd8+ Kg7 29. Nd6 Rd5 30. Ne8+ Kf8 31. Rxd5 Kxe8 32. Rxc5 Be6 33. Rb1 Ke7 34. f3 Kd6 35. Rc3 Rb8 36.
Kf2 h5 37. Ke2 h4 38. e4 Rb4 39. Ke3 Ke7 40. Ra1 Bxb3 41. Rxa5 Be6 42. f4 Rb2 43. f5 gxf5 44. exf5 Ba2 45. Kf3 Kd6 46. Kg4 Rxg2+ 47. Kxh4 Bb1 48. Rg3 Rf2 49. Kg5 Ke7 50. Ra7+ Kf8 51. Ra5 Ke7 52. Re3+ Kf8 53. h4 Rg2+ 54. Kf6 Kg8 55. Ra8+ Kh7 56. Kxf7 Rg7+ 57. Kf6 Rg4 58. Re7+ Kh6 59. Rh8# 1-0

[Event "*** Biggest EVER Titled Tuesday"]
[Site "Chess.com"]
[Date "2018.04.17"]
[Round "3"]
[White "DiogenesSinopeus"]
[Black "Marcus_Harvey"]
[Result "0-1"]
[WhiteElo "2417"]
[BlackElo "2623"]
[TimeControl "180+2"]
[EndTime "13:37:14 PDT"]
[Termination "Marcus_Harvey won by resignation"]

1. d4 e6 2. e4 d5 3. exd5 exd5 4. Nf3 Bd6 5. Bd3 Ne7 6. O-O O-O 7. Re1 Bf5 8. Bg5 f6 9. Bh4 Qd7 10. Bg3 Bxd3 11. Qxd3 Nf5 12. Nbd2 Nxg3 13. hxg3 Nc6 14. c3 Rae8 15. Qb5 Be7 16. b4 a6 17. Qf1 Bd6 18. a4 Rxe1 19. Rxe1 Re8 20. Rxe8+ Qxe8 21. b5 Nb8 22. c4 dxc4 23. Qxc4+ Qf7 24. d5 Qd7 25. Nd4 axb5 26. axb5 Qg4 27. N2f3 Nd7 28. Qa4 Nb6 29. Qa2 Qe4 30. Qa7 Qxd5 31. Qb8+ Kf7 32. Qh8 Qe4 33. Qd8 Qe8 34. Qxe8+ Kxe8 35. Kf1 g6 36. Ke2 Kd7 37. Kd3 c6 38. bxc6+ bxc6 39. Nd2 f5 40. N4f3 Nd5 41.
Ng5 Nf6 42. Nc4 Bc7 43. Kd4 Ke7 44. Nh3 Ne4 45. Ke3 h5 46. Ng1 Bb8 47. Nf3 Ba7+ 48.
Kf4 Kf6 49. Nfe5 Bb8 50. f3 Nxg3 51. Kxg3 Bxe5+ 52. Kf2 Bd4+ 53. Ke2 Ke6 54. Kd3 Kd5 55. Nd2 h4 56. Nc4 g5 57. Nd2 g4 58. Nf1 gxf3 59.
gxf3 h3 60. Nh2 c5 61. Nf1 c4+ 62. Ke2 f4 63. Nd2 h2 64. Ne4 h1=Q 65. Nc3+ Bxc3 0-1

[Event "*** Biggest EVER Titled Tuesday"]
[Site "Chess.com"]
[Date "2018.04.17"]
[Round "3"]
[White "Rakhmanov_Aleksandr"]
[Black "lachesisQ"]
[Result "0-1"]
[WhiteElo "2637"]
[BlackElo "2959"]
[TimeControl "180+2"]
[EndTime "13:37:20 PDT"]
[Termination "lachesisQ won by resignation"]

1. c4 e5 2. Nf3 Nc6 3. d4 exd4 4. Nxd4 Nf6 5. Nxc6 bxc6 6. g3 d5 7. Bg2 Be7 8. O-O O-O 9. cxd5 cxd5 10. Nc3 Be6 11. Bg5 c6 12. Rc1 h6 13. Bxf6 Bxf6 14. Na4 Qd6 15. b3 Rad8 16. Qc2 Bd7 17. Qc5 Qb8 18. Qc2 Rfe8 19. Nc5 Bc8 20. e3 Re7 21. Rfd1 h5 22. Nd3 Bd7 23. h4 g6 24. Nf4 Kg7 25. Qd2 Qb6 26. Qc2 Ree8 27. Ne2 Rc8 28. Nf4 Bg4 29. Re1 Bf5 30. Qd2 Be5 31. Ne2 Rcd8 32. Nd4 Bd7 33. Qc3 Rc8 34. b4 Kg8 35. a3 Bg7 36. Red1 Bf8 37. Nb3 Bg4 38. Rd2 Bg7 39. Qc5 Bf8 40.
Qc3 Bg7 41. Qc5 Bd7 42. Qa5 Bf8 43. Rdc2 Qb8 44. Nd4 Rxe3 45. fxe3 Qxg3 46. Nf3 Bg4 47. Rf2 Rc7 48. Qa6 Bh6 49. Qd3 Re7 50. Rxc6 Bxe3 51.
Qe2 Bxf3 52. Qxf3 Bxf2+ 53. Qxf2 Re1+ 54. Qf1 Rxf1+ 55. Kxf1 Qxh4 56. Rc8+ Kg7 57. Ra8 Qd4 0-1

[Event "*** Biggest EVER Titled Tuesday"]
[Site "Chess.com"]
[Date "2018.04.17"]
[Round "3"]
[White "Bauxi435"]
[Black "FastChance"]
[Result "1/2-1/2"]
[WhiteElo "2441"]
[BlackElo "2687"]
[TimeControl "180+2"]
[EndTime "13:37:20 PDT"]
[Termination "Game drawn - insufficient material"]

1. d4 e6 2. c4 Bb4+ 3. Nc3 Nf6 4. Bg5 c5 5. d5 Bxc3+ 6. bxc3 d6 7. e3 Qe7 8. Bd3 exd5 9. cxd5 Qe5 10. Bxf6 Qxf6 11. Ne2 O-O 12. O-O Nd7 13. f4 Re8 14. Qd2 Rb8 15.
a4 Nb6 16. e4 Bg4 17. Ng3 c4 18. Bc2 Bd7 19. a5 Na8 20. Rae1 Nc7 21. e5 Qh6 22.
Qf2 Nxd5 23. Rd1 Bc6 24. Nf5 Qe6 25. Nxd6 Nxc3 26. Rde1 Red8 27. Re3 Nd5 28. Rh3 g6 29.
Qh4 h5 30. Qg5 Rxd6 31. exd6 Qxd6 32. f5 Qe5 33. Rg3 Nb4 34. fxg6 Qxg5 35. gxf7+ Kf8 36. Rxg5 Ke7 37. Rg8 Rf8 38. Bg6 Nd3 39. Rxf8 Kxf8 40. Bxd3 cxd3 41. Rf2 Bd5 42. Kf1 Bxf7 43. Ke1 Ke7 44. Kd2 Bg6 45. Rf4 b6 46. axb6 axb6 47. Rb4 Bf5 48. Rxb6 Be4 49. g3 Kf7 50. Ke3 Bf5 51. Rb5 Kg6 52. Rd5 Kg5 53. Kf3 Kf6 54.
Kf4 Bg6 55. h3 Ke6 56. Rd4 Bh7 57. Kg5 Ke5 58. Rd8 Be4 59. Kxh5 Bd5 60. Re8+ Be6 61. Rd8 Bd5 62. Rb8 d2 63. Rb1 Be4 64. Ra1 Kf6 65.
g4 Bf3 66. h4 d1=Q 67. Rxd1 Bxd1 68. Kh6 Bxg4 69. h5 Bxh5 1/2-1/2

[Event "*** Biggest EVER Titled Tuesday"]
[Site "Chess.com"]
[Date "2018.04.17"]
[Round "3"]
[White "StoreySniper"]
[Black "nailbeshirli"]
[Result "0-1"]
[WhiteElo "2238"]
[BlackElo "2290"]
[TimeControl "180+2"]
[EndTime "13:37:23 PDT"]
[Termination "nailbeshirli won by resignation"]

1. c4 Nf6 2. g3 c5 3. Bg2 Nc6 4.
Nc3 g6 5. d3 Bg7 6. h4 h5 7.
Be3 d6 8. Nh3 Bd7 9. Ng5 Rb8 10.
a4 a6 11. O-O O-O 12. Qd2 Nd4 13. Rae1 Nf5 14. Bf4 Ng4 15. f3 Nf6 16. e4 Nd4 17. Be3 Nh7 18. Nxh7 Kxh7 19. Rf2 b5 20. axb5 axb5 21.
cxb5 Nxb5 22. Nxb5 Rxb5 23. d4 Qb8 24. f4 cxd4 25.
Bxd4 Bxd4 26. Qxd4 Rb4 27. Qd2 Bg4 28. e5 Rd8 29. exd6 Rxd6 30. Qc3 Re6 31. Rxe6 Bxe6 32. Kh2 Qb6 33. Re2 Rb3 34. Qd2 Qc5 35. Be4 Bg4 36. Rg2 Re3 37. b4 Qb6 38. Bc6 Rb3 39. b5 Rb1 40. Qf2 Qc7 41. Qe3 Qd8 42. Rd2 Qa5 43.
Be4 Rb3 44. Qd4 Rb4 45. Bxg6+ fxg6 46. Qc3 Qxb5 47. f5 Bxf5 48. Rf2 Rc4 49. Qe1 Re4 50. Qc1 Qe5 51. Qa3 Re2 52. Qf3 Rxf2+ 53. Qxf2 Qf6 54.
Qa7 Bg4 55. Qb7 Qe6 56. Qg2 Qe2 57. Qxe2 Bxe2 0-1